[Event "Early-Titled-Tuesday-Blitz-March-19-2024"]
[Site "Chess.com"]
[Date "2024.03.19"]
[Round "4"]
[White "Kiborg95"]
[Black "musclemonster12"]
[Result "0-1"]
[WhiteElo "2771"]
[BlackElo "2586"]
[TimeControl "180+1"]
[EndTime "8:39:23 PDT"]
[Termination "musclemonster12 won by resignation"]

1. e4 c6 2. d4 d5 3. e5 c5 4. Nf3 cxd4 5. Qxd4 Nc6 6. Qf4 e6 7.
Nc3 Bd7 8. Bd3 Nb4 9. Bd2 Nxd3+ 10. cxd3 Ne7 11. h4 Nc6 12. O-O Rc8 13. a3 a6 14. h5 h6 15. Ne2 Be7 16. Qg3 Kf8 17.
Rac1 Qb6 18. b4 Qd8 19. Ned4 Nxd4 20. Nxd4 Kg8 21. f4 Kh7 22. f5 exf5 23. Nxf5 Bxf5 24. Rxf5 Rxc1+ 25. Bxc1 Qb6+ 26. Be3 Qe6 27. Qf3 Rf8 28. g4 Kg8 29. g5 hxg5 30. Bxg5 Rc8 31. Bxe7 Qxe7 32. Qxd5 Qh4 33. Rxf7 Qg3+ 34. Kf1 Rc1+ 35. Ke2 Qe1+ 36. Kf3 Qf1+ 37. Ke4 Qxf7 38. e6 Re1+ 0-1

[Event "Early-Titled-Tuesday-Blitz-March-19-2024"]
[Site "Chess.com"]
[Date "2024.03.19"]
[Round "4"]
[White "GMAneta"]
[Black "AnishOnYoutube"]
[Result "0-1"]
[WhiteElo "2665"]
[BlackElo "3027"]
[TimeControl "180+1"]
[EndTime "8:39:25 PDT"]
[Termination "AnishOnYoutube won by resignation"]

1. d4 Nf6 2. Nf3 d5 3. c4 e6 4. Nc3 c6 5. cxd5 exd5 6. Bg5 Be7 7. Qc2 g6 8. e4 dxe4 9. Bxf6 Bxf6 10.
Qxe4+ Kf8 11. Bc4 Kg7 12. O-O Rf8 13. Rfe1 Nd7 14. Ne5 Nb6 15. Bb3 Bf5 16. Qf4 Nd5 17. Nxd5 cxd5 18. Qf3 Be6 19. Rac1 Qd6 20. Rc3 Rac8 21.
Rce3 h5 22. h3 Rc7 23. R3e2 Rfc8 24. Qg3 Rc1 25. f4 Bf5 26. Kh2 h4 27. Qf3 Be4 28. Qg4 Rxe1 29. Rxe1 Rc7 30. a3 Qb6 31. Rxe4 dxe4 32.
Bxf7 Bxe5 33. Bxg6 Qxg6 0-1

[Event "Early-Titled-Tuesday-Blitz-March-19-2024"]
[Site "Chess.com"]
[Date "2024.03.19"]
[Round "4"]
[White "ahkashefi2800"]
[Black "Chessdude1987"]
[Result "1-0"]
[WhiteElo "2569"]
[BlackElo "2384"]
[TimeControl "180+1"]
[EndTime "8:39:29 PDT"]
[Termination "ahkashefi2800 won on time"]

1. d4 e6 2. Nf3 f5 3. g3 Nf6 4. Bg2 Be7 5. O-O O-O 6. c4 d6 7. Nc3 Ne4 8. Qc2 Nxc3 9. Qxc3 a5 10. b3 Nc6 11. Bb2 Bf6 12. e3 e5 13. Rad1 e4 14.
Ne1 d5 15. cxd5 Nb4 16. Qc4 Nxd5 17. Nd3 Kh8 18. Nf4 Nxf4 19. gxf4 b6 20. Rfe1 Ba6 21.
Qc2 Bd3 22. Qc1 Ra7 23. Qc6 a4 24. bxa4 Qa8 25. Qxa8 Raxa8 26. Rxd3 exd3 27. Bxa8 Rxa8 28. Rd1 Rxa4 29. a3 c5 30. Rxd3 c4 31. Rc3 b5 32.
Kg2 Kg8 33. Kf3 Kf7 34. Ke2 Ke6 35. Kd1 Kd5 36. Kc2 Bh4 37. f3 Be1 38. e4+ fxe4 39. Re3 c3 40. fxe4+ Kxd4 41. Rxe1 cxb2 42. Kxb2 Kd3 43.
e5 Rxf4 44. e6 Rf8 45. Kb3 Re8 46. Kb4 g5 47. Kxb5 h5 48. Kc6 g4 49. Kd7 Ra8 50. e7 Ra7+ 51. Ke6 Ra6+ 52. Kf5 1-0

[Event "Early-Titled-Tuesday-Blitz-March-19-2024"]
[Site "Chess.com"]
[Date "2024.03.19"]
[Round "4"]
[White "MITerryble"]
[Black "kpio91"]
[Result "0-1"]
[WhiteElo "2983"]
[BlackElo "2848"]
[TimeControl "180+1"]
[EndTime "8:39:30 PDT"]
[Termination "kpio91 won by resignation"]

1. d4 g6 2. Nf3 Bg7 3. c3 Nf6 4. Bg5 O-O 5. Nbd2 c5 6. dxc5 Qc7 7. Nb3 a5 8. a4 b6 9. cxb6 Qxb6 10. Nfd4 Bb7 11.
e3 Nc6 12. Nb5 Ne4 13. Bh4 Rad8 14. Bd3 f5 15. O-O Nf6 16. Bg3 d6 17. N3d4 Nxd4 18. cxd4 e5 19. dxe5 dxe5 20. Bxe5 Nd5 21. Bxg7 Kxg7 22.
Qe2 Rfe8 23. Qd2 Nxe3 24. fxe3 Rxe3 25. Qf2 Rdxd3 26. Rae1 Rd2 27. Qxd2 Re2+ 28. Qd4+ Qxd4+ 29. Nxd4 Rxg2+ 30. Kh1 Rg3+ 31. Nf3 Bxf3+ 32. Rxf3 Rxf3 33. Re5 Rb3 34. Rb5 Rd3 35. Kg2 h5 36. h4 Kf6 37.
Kf2 Rh3 38. b3 Rxh4 39. Rxa5 Rb4 40. Ra6+ Kg5 41. a5 Rxb3 42. Ra8 Ra3 43. Ke2 Kg4 44.
Kd2 g5 45. Kc2 h4 46. Kb2 Ra4 47. Kb3 Ra1 48. Kb2 Re1 0-1

[Event "Early-Titled-Tuesday-Blitz-March-19-2024"]
[Site "Chess.com"]
[Date "2024.03.19"]
[Round "4"]
[White "manitodeplomo"]
[Black "tptagain"]
[Result "0-1"]
[WhiteElo "2654"]
[BlackElo "2951"]
[TimeControl "180+1"]
[EndTime "8:39:31 PDT"]
[Termination "tptagain won on time"]

1. d4 d5 2. c4 e6 3. Nf3 c6 4. Nc3 dxc4 5. e3 b5 6. a4 Bb4 7. Bd2 a5 8. axb5 Bxc3 9. Bxc3 cxb5 10. b3 Bb7 11. bxc4 b4 12. Bb2 Nd7 13. Bd3 Ne7 14. O-O O-O 15. Re1 Bxf3 16. gxf3 Qc7 17. Qc2 Ng6 18.
c5 Rfd8 19. Ra4 Nf6 20. Rea1 Nh4 21. Qe2 Qc6 22. e4 Qc7 23. Qe3 Ng6 24. Bc4 Nd7 25. Bb5 Nf4 26. c6 Nf6 27. Kh1 Ng6 28. d5 exd5 29.
Bxf6 gxf6 30. exd5 Rxd5 31. Bc4 Re5 0-1

[Event "Early-Titled-Tuesday-Blitz-March-19-2024"]
[Site "Chess.com"]
[Date "2024.03.19"]
[Round "4"]
[White "nekotyanof"]
[Black "sergoy"]
[Result "1-0"]
[WhiteElo "2663"]
[BlackElo "2924"]
[TimeControl "180+1"]
[EndTime "8:39:32 PDT"]
[Termination "nekotyanof won by checkmate"]

1. e4 c5 2. d4 cxd4 3. Qxd4 Nc6 4. Qd3 d6 5. Nc3 Nf6 6. Nf3 g6 7. Be2 Bg7 8. O-O O-O 9. Nd5 Be6 10. c3 Rc8 11. Bg5 Nd7 12. Rfd1 Bg4 13. Nd4 Bxe2 14. Qxe2 Re8 15. Nb5 h6 16. Nxd6 Nc5 17. Nxc8 Qxc8 18. Be3 Nd7 19. Rac1 a6 20. f4 e6 21.
Nb4 e5 22. Qg4 Ncb8 23. fxe5 Qc4 24. Rxd7 Nxd7 25. Qxd7 Rxe5 26. Qd4 Qe6 27. Qb6 Qg4 28. Bd4 Rxe4 29. Bxg7 Re2 30. Qxb7 Qf4 31. Rf1 Qe3+ 32. Kh1 Qf2 33. Qf3 Qxf3 34. gxf3 Kxg7 35. b3 a5 36. Nc6 Rxa2 37. Kg1 Kf6 38. Rf2 Ra1+ 39.
Kg2 Kf5 40. Nd4+ Kf4 41. Re2 f5 42. Ne6# 1-0

[Event "Early-Titled-Tuesday-Blitz-March-19-2024"]
[Site "Chess.com"]
[Date "2024.03.19"]
[Round "4"]
[White "grzechu96"]
[Black "Preobrazhenska_D2011"]
[Result "0-1"]
[WhiteElo "2723"]
[BlackElo "2483"]
[TimeControl "180+1"]
[EndTime "8:39:32 PDT"]
[Termination "Preobrazhenska_D2011 won on time"]

1. e4 c5 2. Nf3 d6 3. d4 cxd4 4. Nxd4 Nf6 5. Nc3 a6 6. Be2 e5 7.
Nb3 Be7 8. Be3 Be6 9. Nd5 Nbd7 10. Qd3 Bxd5 11. exd5 b5 12. a4 b4 13. a5 Qc7 14. O-O O-O 15. Ra4 Rfc8 16. Rc1 Qb7 17. Rd1 e4 18. Qd2 Rab8 19. h3 Ne5 20. Bb6 Nc4 21.
Bxc4 Rxc4 22. Rxb4 e3 23. fxe3 Ne4 24. Qe1 Bh4 25.
Rxc4 Bxe1 26. Rxe1 Qxd5 27. Rd4 Qe5 0-1

[Event "Early-Titled-Tuesday-Blitz-March-19-2024"]
[Site "Chess.com"]
[Date "2024.03.19"]
[Round "4"]
[White "tarno17"]
[Black "RamonManon0g"]
[Result "0-1"]
[WhiteElo "2190"]
[BlackElo "2386"]
[TimeControl "180+1"]
[EndTime "8:39:32 PDT"]
[Termination "RamonManon0g won on time"]

1. e4 c5 2. Nf3 d6 3. Bb5+ Nd7 4.
O-O a6 5. Bxd7+ Bxd7 6. c3 Bc6 7.
Re1 Nf6 8. d3 e6 9. Nbd2 Be7 10.
Nf1 O-O 11. Ng3 b6 12. h3 b5 13. Nh2 b4 14. Ng4 bxc3 15. bxc3 Qa5 16. Bd2 Rab8 17. d4 Nxg4 18. Qxg4 cxd4 19. Bh6 Bf6 20. Bxg7 Bxg7 21. Nh5 Qe5 22. f4 f5 23. Qg3 Qf6 24. Nxf6+ Rxf6 25. exf5 exf5 26. Qf2 dxc3 27. Rac1 Rg6 28. g3 Rb4 29. Re7 Bd4 30. Re3 Rb2 31. Qe1 Rg2+ 32. Kf1 Rh2 33. Re8+ Bxe8 34. Qxe8+ Kg7 35. Qe7+ Kh6 36. Qf8+ Bg7 37.
Qxf5 Rh1+ 38. Kg2 Rxc1 39. g4 Bf6 40. g5+ Bxg5 41. fxg5+ Rxg5+ 42. Kf3 Rxf5+ 0-1

[Event "Early-Titled-Tuesday-Blitz-March-19-2024"]
[Site "Chess.com"]
[Date "2024.03.19"]
[Round "4"]
[White "GMKrikor"]
[Black "balack95"]
[Result "1-0"]
[WhiteElo "2889"]
[BlackElo "2467"]
[TimeControl "180+1"]
[EndTime "8:39:34 PDT"]
[Termination "GMKrikor won by resignation"]

1. Nf3 d5 2. c4 d4 3. b4 c5 4.
Bb2 Nf6 5. g3 a5 6. b5 b6 7. Bg2 Bb7 8. O-O g6 9. e3 dxe3 10.
fxe3 Bg7 11. Qe2 O-O 12. Nc3 Nbd7 13. d3 Qc7 14. Rad1 e5 15. Ng5 h6 16. Nge4 Ne8 17.
Nd5 Bxd5 18. cxd5 Nd6 19. a4 Kh7 20. Nd2 f5 21. Rc1 Qd8 22. e4 Qe7 23. Bh3 f4 24.
Nf3 Rae8 25. Kh1 fxg3 26. hxg3 Nf6 27. Kg2 Nh5 28. Rce1 Nf7 29. Bc1 Bf6 30. Bg4 Ng7 31. Rh1 h5 32. Ref1 Ng5 33. Nh4 Qd6 34. Nxg6 Kxg6 35. Bxh5+ Nxh5 36. Qxh5+ Kg7 37. Bxg5 Rh8 38.
Bh6+ 1-0

[Event "Early-Titled-Tuesday-Blitz-March-19-2024"]
[Site "Chess.com"]
[Date "2024.03.19"]
[Round "4"]
[White "rhwr"]
[Black "yaguigor"]
[Result "0-1"]
[WhiteElo "2340"]
[BlackElo "2563"]
[TimeControl "180+1"]
[EndTime "8:39:34 PDT"]
[Termination "yaguigor won on time"]

1. e4 d6 2. d4 Nf6 3. Nc3 c6 4. Be2 Qa5 5. Bd2 Qb6 6. e5 dxe5 7. dxe5 Nd5 8. Nxd5 cxd5 9. b3 Nc6 10. Nf3 Bg4 11.
O-O e6 12. Be3 Bc5 13. Bxc5 Qxc5 14. Re1 O-O 15. h3 Bh5 16. Rc1 Qc3 17. Qd3 Qxd3 18. cxd3 Bxf3 19. Bxf3 Rfc8 20. a3 Nd4 21. b4 Kf8 22.
Rc5 b6 23. Rcc1 Nc2 24. Red1 Nxa3 25. Be2 Nb5 26. f4 Ke7 27. Bf1 Nd4 28. Kf2 a5 29.
Rxc8 Rxc8 30. bxa5 bxa5 31. Ra1 Ra8 32. Ra4 Nb3 33.
d4 Rb8 34. Bd3 Rb4 35. Rxb4 axb4 36. Ke3 h6 37. g4 g5 38. f5 f6 0-1

[Event "Early-Titled-Tuesday-Blitz-March-19-2024"]
[Site "Chess.com"]
[Date "2024.03.19"]
[Round "4"]
[White "JimDiGrease"]
[Black "djokovic74"]
[Result "1-0"]
[WhiteElo "3003"]
[BlackElo "2742"]
[TimeControl "180+1"]
[EndTime "8:39:35 PDT"]
[Termination "JimDiGrease won on time"]

1. d4 e6 2. c4 Nf6 3. Bf4 b6 4. Nc3 Bb7 5. e3 Be7 6. Nf3 O-O 7. Bd3 d5 8. cxd5 exd5 9. O-O Nh5 10. Be5 f6 11.
Bg3 Nxg3 12. hxg3 Nd7 13. Qb3 Kh8 14. Rad1 c6 15. e4 dxe4 16. Bxe4 f5 17. Bd3 g6 18. Rfe1 Bf6 19. Qe6 Qc7 20. Bc4 Rad8 21. Bb3 Kg7 22.
Ne2 Rde8 23. Qc4 b5 24. Qd3 Nb6 25. Nf4 Bc8 26. Qc3 Qd6 27. Ne5 Bb7 28. Nf3 1-0

[Event "Early-Titled-Tuesday-Blitz-March-19-2024"]
[Site "Chess.com"]
[Date "2024.03.19"]
[Round "4"]
[White "GMAkobianSTL"]
[Black "Shahdad2007"]
[Result "0-1"]
[WhiteElo "2799"]
[BlackElo "2600"]
[TimeControl "180+1"]
[EndTime "8:39:35 PDT"]
[Termination "Shahdad2007 won on time"]

1. d4 Nf6 2. c4 g6 3. Nc3 d5 4.
Bg5 Bg7 5. e3 Ne4 6. Bh4 c5 7.
cxd5 Nxc3 8. bxc3 Qxd5 9. Nf3 Bg4 10. Be2 Nc6 11. O-O O-O 12. h3 Bf5 13. Qb3 Qd7 14. Rfd1 Qc8 15. Rac1 b6 16. d5 Na5 17. Qa4 Qb7 18.
e4 Bd7 19. Bb5 Bxb5 20. Qxb5 a6 21. Qe2 Rfd8 22. c4 b5 23. cxb5 axb5 24. Rxc5 Nc4 25. Rb1 Na3 26. Rb3 Rdc8 27. Rxc8+ Qxc8 28. Bg3 Qc4 29. Qxc4 bxc4 30. Rb7 c3 0-1

[Event "Early-Titled-Tuesday-Blitz-March-19-2024"]
[Site "Chess.com"]
[Date "2024.03.19"]
[Round "4"]
[White "platy3"]
[Black "wannabe2700"]
[Result "1-0"]
[WhiteElo "2963"]
[BlackElo "2638"]
[TimeControl "180+1"]
[EndTime "8:39:36 PDT"]
[Termination "platy3 won by resignation"]

1. e4 d5 2. exd5 Qxd5 3. h3 e5 4. Nc3 Qd8 5. Nf3 Bd6 6. Bc4 Nf6 7. d3 h6 8. O-O O-O 9. Re1 Nc6 10. Ne4 Re8 11.
c3 Be6 12. Bxe6 Rxe6 13. b4 a6 14. a3 Bf8 15. Qc2 Nd5 16. Bd2 f5 17. Ng3 Qf6 18.
c4 Nb6 19. Bc3 Rae8 20. Re2 Nd4 21. Bxd4 exd4 22. Rae1 c5 23. Rxe6 Rxe6 24. Rb1 Nd7 25. Nh5 Qe7 26. Nf4 Rd6 27. Nd5 Qf7 28. bxc5 Nxc5 29.
Nxd4 b5 30. Nf3 f4 31. Rd1 Qf5 32. Qd2 g5 33. Nd4 Qe5 34. Nf3 Qf5 35. Qc3 Bg7 36.
Ne7+ 1-0

[Event "Early-Titled-Tuesday-Blitz-March-19-2024"]
[Site "Chess.com"]
[Date "2024.03.19"]
[Round "4"]
[White "FMVolodymyrSakun"]
[Black "jefferyx"]
[Result "1/2-1/2"]
[WhiteElo "2626"]
[BlackElo "3085"]
[TimeControl "180+1"]
[EndTime "8:39:36 PDT"]
[Termination "Game drawn by 50-move rule"]

1. d4 Nf6 2. Nf3 c5 3. e3 g6 4. Bd3 Bg7 5. O-O b6 6. Nbd2 Bb7 7. c3 d5 8. Qe2 O-O 9. dxc5 bxc5 10. e4 e6 11. Re1 Nc6 12. Ba6 Bxa6 13. Qxa6 Qb6 14. Qxb6 axb6 15. exd5 exd5 16. a3 Rfe8 17. Rxe8+ Rxe8 18.
Kf1 Ne4 19. Nxe4 dxe4 20. Ne1 f5 21. Bf4 Kf7 22. Rd1 Be5 23. Bxe5 Nxe5 24. b3 Ra8 25. Rd6 Rxa3 26. Rxb6 c4 27. Rb7+ Kg8 28. bxc4 Rxc3 29. Ke2 Nxc4 30. Rc7 h5 31. g3 Kf8 32. h4 Ke8 33.
Ng2 Rc2+ 34. Ke1 Ne3 35. Rxc2 Nxc2+ 36. Kd2 Nd4 37. Ke3 Ne6 38. f3 exf3 39. Kxf3 Kf7 40. Ne3 Kf6 41. Nd5+ Ke5 42. Ne7 Nf8 43. Ke3 Kd6 44.
Nc8+ Kd7 45. Nb6+ Kc6 46. Nc4 Kc5 47. Ne5 Kd5 48. Nd3 Ne6 49. Nb4+ Kc4 50. Nd3 Kd5 51.
Nb4+ Ke5 52. Nd3+ Kf6 53. Kf3 Nf8 54. Nf4 Nd7 55. Nd5+ Ke6 56. Nf4+ Kf7 57. Nd5 Nf6 58. Nf4 Ng4 59. Nd5 Ne5+ 60. Kf4 Nc4 61. Kf3 Nd6 62. Nf4 Ne4 63. Nd5 Nf6 64. Nf4 Ng8 65. Nd5 Ne7 66. Nf4 Kf6 67. Ke3 Ke5 68. Kf3 Kd4 69. Ne6+ Kd5 70.
Nf4+ Ke5 71. Nd3+ Kf6 72. Nf4 Ng8 73. Nd5+ Ke5 74. Nf4 Kf6 75. Nd5+ Kg7 76. Nf4 Nh6 77. Ne6+ Kf6 78. Nf4 Nf7 79. Nd5+ Kg7 80. Nf4 Nd8 81.
Nd5 Ne6 82. Ke3 Kf7 83. Kf3 Ng7 84. Nf4 Kf6 85. Nd5+ Ke6 86. Nf4+ Kf7 87. Nd5 Ne8 88. Nf4 Nf6 89. Ke3 1/2-1/2

[Event "Early-Titled-Tuesday-Blitz-March-19-2024"]
[Site "Chess.com"]
[Date "2024.03.19"]
[Round "4"]
[White "TigrVShlyape"]
[Black "Aswathchess"]
[Result "1-0"]
[WhiteElo "2907"]
[BlackElo "2622"]
[TimeControl "180+1"]
[EndTime "8:39:36 PDT"]
[Termination "TigrVShlyape won by checkmate"]

1. d4 Nf6 2. Bf4 d5 3. e3 g6 4.
Nf3 Bg7 5. c3 O-O 6. Nbd2 Nfd7 7. h4 h5 8. Be2 c5 9. Nb3 b6 10. Ng5 cxd4 11. cxd4 Nf6 12. Rc1 Bf5 13. Nd2 Nbd7 14. O-O Ng4 15. Bc7 Qe8 16. Qb3 e5 17. dxe5 Bxe5 18. Bxg4 hxg4 19. Qxd5 Bxc7 20. Rxc7 Rd8 21.
Nde4 Kg7 22. Nd6 Qe5 23. Qxe5+ Nxe5 24. Nxf5+ gxf5 25. Ne6+ Kf6 26. Nxf8 Rxf8 27. Rd1 Rh8 28. Rd6+ Kg7 29. g3 Nf3+ 30. Kf1 Re8 31. Rdd7 Re5 32. Rxf7+ Kg6 33. Rg7+ Kh6 34. Rgd7 Rb5 35. Rd6+ Kh5 36. Rh7# 1-0

[Event "Early-Titled-Tuesday-Blitz-March-19-2024"]
[Site "Chess.com"]
[Date "2024.03.19"]
[Round "4"]
[White "Herzog2012"]
[Black "Niilo1"]
[Result "1-0"]
[WhiteElo "2525"]
[BlackElo "2305"]
[TimeControl "180+1"]
[EndTime "8:39:36 PDT"]
[Termination "Herzog2012 won by resignation"]

1. e4 c5 2. Nf3 e6 3. g3 Nc6 4. Bg2 Nf6 5. d3 Be7 6. O-O O-O 7.
e5 Nd5 8. c4 Nc7 9. Nc3 d6 10. exd6 Bxd6 11. b3 e5 12. Bb2 Nd4 13. Nxd4 exd4 14. Ne4 Be7 15. a3 Rb8 16. b4 cxb4 17. axb4 a6 18. c5 Nd5 19. Bxd4 Nxb4 20. Be5 Ra8 21. Nd6 Nc6 22. Bxc6 bxc6 23. Qa4 f6 24.
Qc4+ Kh8 25. Bf4 g5 26. Be3 Kg7 27. f4 h6 28. fxg5 hxg5 29. Bd4 Bxd6 30. cxd6 Rf7 31. Rxf6 Rxf6 32. Rf1 Qxd6 33. Rxf6 Qxf6 34. Bxf6+ Kxf6 35. Qxc6+ 1-0

[Event "Early-Titled-Tuesday-Blitz-March-19-2024"]
[Site "Chess.com"]
[Date "2024.03.19"]
[Round "4"]
[White "ArchibaldCerveza29"]
[Black "JaackCamel"]
[Result "1-0"]
[WhiteElo "2420"]
[BlackElo "2194"]
[TimeControl "180+1"]
[EndTime "8:39:36 PDT"]
[Termination "ArchibaldCerveza29 won on time"]

1. e4 e6 2. d4 d5 3. e5 c5 4. c3 Nc6 5. Nf3 Qb6 6. Bd3 cxd4 7. cxd4 Bd7 8. O-O Nxd4 9. Nbd2 a6 10. Nxd4 Qxd4 11.
Nf3 Qb6 12. Rb1 Nh6 13. b4 Be7 14. Be3 Qd8 15. Nd4 f6 16. Bxh6 gxh6 17. Qh5+ Kf8 18. Qxh6+ Kf7 19. Qh5+ Kf8 20. exf6 Bxf6 21. Nf3 Be8 22.
Qh6+ Kg8 23. Rfe1 Bf7 24. Ne5 Be8 25. Re3 Qc7 26. Rbe1 Bg7 27. Rg3 Bg6 28. Qh3 Bxe5 29. Qxe6+ Qf7 30. Qxe5 Rd8 31. Qe6 Rf8 32. Bxg6 Qxe6 33.
Rxe6 hxg6 34. Rexg6+ Kf7 35. Rg7+ Kf6 36. Rxb7 Rc8 37.
h3 Rc2 38. Rf3+ Ke5 39. a3 Rc1+ 40. Kh2 Rhc8 41. Re7+ Kd4 42. Re2 1-0

[Event "Early-Titled-Tuesday-Blitz-March-19-2024"]
[Site "Chess.com"]
[Date "2024.03.19"]
[Round "4"]
[White "LileKoridze"]
[Black "AsterPhoenix"]
[Result "0-1"]
[WhiteElo "2445"]
[BlackElo "2661"]
[TimeControl "180+1"]
[EndTime "8:39:38 PDT"]
[Termination "AsterPhoenix won by resignation"]

1. d4 Nf6 2. c4 e6 3. Nf3 Bb4+ 4. Bd2 Qe7 5. e3 O-O 6. Bd3 d5 7. O-O dxc4 8. Bxc4 b6 9. a3 Bxd2 10. Nbxd2 Bb7 11. Qe2 Nbd7 12. e4 e5 13. d5 c6 14. dxc6 Bxc6 15. Nh4 Nxe4 16. Nf5 Qg5 17. Nxe4 Qxf5 18. Ng3 Qf4 19. Rad1 Nf6 20. Rfe1 e4 21. Bb5 Rac8 22. Bxc6 Rxc6 23. Rd4 Re8 24. h3 g6 25. Nxe4 Nxe4 26. Rxe4 Rxe4 27. Qxe4 Qxe4 28. Rxe4 Rc1+ 29.
Kh2 Rc2 30. b4 Rxf2 31. Re8+ Kg7 32. Re7 a5 33. Rb7 axb4 34. axb4 Rf6 35. g4 g5 36. Kg3 h6 37. h4 Kf8 38. hxg5 hxg5 39. b5 Ke8 40. Rc7 Kd8 41. Ra7 Kc8 42. Re7 Rf1 43. Re5 f6 44. Re6 Kc7 45. Rc6+ Kb7 46. Re6 Rb1 47. Rxf6 Rxb5 48. Rg6 Re5 49. Kf3 b5 50.
Rg7+ Kc6 51. Rg8 b4 52. Rb8 Kc5 53. Rc8+ Kd4 54. Rc1 b3 55. Rc8 Rb5 56. Rc1 b2 57. Rb1 Kd3 0-1

[Event "Early-Titled-Tuesday-Blitz-March-19-2024"]
[Site "Chess.com"]
[Date "2024.03.19"]
[Round "4"]
[White "AsaHoffmann"]
[Black "edgarhay012"]
[Result "0-1"]
[WhiteElo "2440"]
[BlackElo "2652"]
[TimeControl "180+1"]
[EndTime "8:39:38 PDT"]
[Termination "edgarhay012 won on time"]

1. d4 Nf6 2. Bg5 b6 3. f3 d5 4.
c4 e6 5. Nc3 Bb7 6. e4 dxe4 7.
fxe4 h6 8. Bxf6 gxf6 9. Nf3 Nd7 10. Be2 Bb4 11. Qb3 Bxc3+ 12. Qxc3 Bxe4 13. O-O-O Qe7 14. Rhe1 O-O-O 15. Bd3 Bb7 16. Be4 Bxe4 17. Rxe4 f5 18. Re2 Nf6 19. d5 Ne4 20. Qd4 f6 21. Nd2 e5 22.
Qe3 Nxd2 23. Rexd2 Rhg8 24. g3 Rg4 25. b3 h5 26. Qf3 Qd7 27. h3 Rg5 28. Rf1 Rdg8 29. h4 Rxg3 30. Qxf5 R8g6 31. Qxh5 Kb7 32. Qf5 Qd6 33. Kb2 Rh6 34. Rdf2 Qc5 35. Qe4 Re3 36. Qc2 Qd4+ 37. Kb1 e4 38. Rd2 Qe5 39. Rfd1 Rc3 40. Qb2 e3 41. Re2 Rxh4 42. c5 Rd4 43. Rde1 Rxc5 44. Rxe3 Qxd5 0-1

[Event "Early-Titled-Tuesday-Blitz-March-19-2024"]
[Site "Chess.com"]
[Date "2024.03.19"]
[Round "4"]
[White "GelmanAlexander"]
[Black "Zheenbekov86"]
[Result "0-1"]
[WhiteElo "2694"]
[BlackElo "2452"]
[TimeControl "180+1"]
[EndTime "8:39:39 PDT"]
[Termination "Zheenbekov86 won on time"]

1. d4 Nf6 2. Nc3 d6 3. e4 g6 4.
f4 Bg7 5. Nf3 O-O 6. e5 Ne8 7. Be3 Na6 8. h4 h5 9. Qd2 d5 10.
O-O-O c6 11. Kb1 b5 12. Ng5 Nec7 13. Be2 b4 14. Na4 Nb5 15. g4 Qa5 16. gxh5 Qxa4 17. hxg6 fxg6 18. Bxb5 cxb5 19. h5 gxh5 20. Rxh5 Bf5 21.
b3 Qa3 22. Qh2 Rac8 23. Rd2 Rxc2 24. Rxc2 Rc8 25. Bc1 Qa5 26. Rh7 Qb6 27. Rxg7+ Kxg7 28. Ne4 Bxe4 29. Qg3+ Qg6 0-1

[Event "Early-Titled-Tuesday-Blitz-March-19-2024"]
[Site "Chess.com"]
[Date "2024.03.19"]
[Round "4"]
[White "JosefineHeinemann"]
[Black "hitaman"]
[Result "0-1"]
[WhiteElo "2453"]
[BlackElo "2709"]
[TimeControl "180+1"]
[EndTime "8:39:39 PDT"]
[Termination "hitaman won by checkmate"]

1. e4 c5 2. c3 d5 3. exd5 Qxd5 4. d4 Nf6 5. Nf3 e6 6. Na3 Nc6 7. Be3 cxd4 8. Nb5 Qd7 9. Nbxd4 a6 10. Bd3 Bd6 11.
O-O Ne7 12. a4 O-O 13. Bc2 Rd8 14. Bg5 e5 15. Bxf6 gxf6 16. Ne2 f5 17. Nh4 e4 18. Qc1 Qe6 19. g3 Kh8 20. Qg5 Rg8 21. Qh5 Ng6 22.
Nd4 Qf6 23. Nxg6+ fxg6 24. Qh6 Bd7 25. Rae1 Bc5 26. f3 Bxd4+ 27. cxd4 Qxd4+ 28. Qe3 Qxb2 29. Bb1 exf3 30. Rxf3 Bc6 31. Rf2 Qf6 32. Qb3 Rge8 33. Ref1 Qd4 34. Ba2 Re2 35. Qf7 Rae8 36. Bc4 Rxf2 37.
Rxf2 Re1+ 38. Bf1 Rxf1+ 39. Kxf1 Qd1# 0-1

[Event "Early-Titled-Tuesday-Blitz-March-19-2024"]
[Site "Chess.com"]
[Date "2024.03.19"]
[Round "4"]
[White "NowInChess"]
[Black "CatLoverPL"]
[Result "1-0"]
[WhiteElo "2267"]
[BlackElo "2497"]
[TimeControl "180+1"]
[EndTime "8:39:39 PDT"]
[Termination "NowInChess won by resignation"]

1. e4 g6 2. d3 Bg7 3. g3 c5 4. Bg2 Nc6 5. f4 d6 6. Nf3 Rb8 7. a4 Nf6 8. O-O O-O 9. Nc3 a6 10. h3 b5 11. axb5 axb5 12. g4 b4 13. Ne2 Qb6 14. Be3 Nd7 15. Rb1 Nd4 16. Ng3 Nxf3+ 17. Qxf3 Ba6 18. b3 Bb7 19. Qf2 Ra8 20. g5 Ra2 21. h4 Rfa8 22. h5 Ra1 23. hxg6 hxg6 24. f5 Rxb1 25. Rxb1 Ne5 26. f6 exf6 27. gxf6 Ng4 28.
Qe2 Nxf6 29. Rf1 Re8 30. Bg5 Nh7 31. Be3 Qd8 32. Qg4 Bc8 33. Qf3 Be6 34. Kh2 Qh4+ 35.
Kg1 Ng5 36. Qf2 Nh3+ 37. Bxh3 Qxh3 38. Bf4 Qg4 39. Kg2 Qh3+ 40. Kg1 Bd4 41. Be3 Be5 42. Bf4 Qh4 43. Bxe5 dxe5 44. Qf3 Kg7 45. Rf2 Rh8 46. Kf1 Qg4 47. Qxg4 Bxg4 48. Ke1 Rh3 49. Nf1 Rh1 50. Kd2 f5 51. Ne3 Bh3 52. exf5 g5 53. f6+ Kf7 54. Nc4 Be6 55. Nxe5+ Kf8 56. Ng6+ Kf7 57. Ne5+ Ke8 58.
f7+ Kf8 59. Ng6+ Kg7 60. f8=Q+ Kxg6 61. Qf6+ Kh5 62. Qxe6 1-0

[Event "Early-Titled-Tuesday-Blitz-March-19-2024"]
[Site "Chess.com"]
[Date "2024.03.19"]
[Round "4"]
[White "AccioChess"]
[Black "Iskusnyh"]
[Result "1-0"]
[WhiteElo "2454"]
[BlackElo "2627"]
[TimeControl "180+1"]
[EndTime "8:39:41 PDT"]
[Termination "AccioChess won on time"]

1. e4 e6 2. d4 d5 3. Nc3 Nf6 4. e5 Nfd7 5. f4 c5 6. Nf3 Nc6 7. Be3 Rb8 8. Qd2 Qa5 9. Be2 b5 10.
O-O b4 11. Nd1 cxd4 12. Nxd4 Nxd4 13. Bxd4 Bc5 14. Ne3 O-O 15. Rad1 Ba6 16. Bxa6 Qxa6 17.
Bxc5 Nxc5 18. f5 Ne4 19. Qe1 exf5 20. Nxf5 Qe6 21. Rxd5 Ng5 22. Rd6 Qc4 23. Qg3 h6 24.
Nxh6+ gxh6 25. Rxh6 Qd4+ 26. Kh1 Qd2 27. Rh5 Rb6 28.
Rxg5+ Kh7 29. Rh5+ Rh6 30. Rxh6+ Kxh6 31. Qh3+ Kg7 32.
Qg4+ Kh7 33. Qf5+ Kg8 34. h3 Qe2 35. Rf4 1-0

[Event "Early-Titled-Tuesday-Blitz-March-19-2024"]
[Site "Chess.com"]
[Date "2024.03.19"]
[Round "4"]
[White "davidarenas1224"]
[Black "Josgar05"]
[Result "0-1"]
[WhiteElo "2519"]
[BlackElo "2347"]
[TimeControl "180+1"]
[EndTime "8:39:42 PDT"]
[Termination "Josgar05 won on time"]

1. e4 e6 2. d4 d5 3. Nc3 Nf6 4. Bg5 dxe4 5. Nxe4 Be7 6. Bxf6 gxf6 7. Nf3 Nd7 8. g3 b6 9. Bg2 Bb7 10. Qe2 c5 11.
O-O Qc7 12. Rad1 O-O 13. c3 f5 14. Ned2 Bf6 15. Nb3 Rad8 16. dxc5 Nxc5 17. Nxc5 Qxc5 18. Nd2 Bxg2 19. Kxg2 a5 20. a4 Qc6+ 21. Nf3 Qxa4 22.
h4 Qc6 23. Kg1 a4 24. Ng5 h6 25. Nh3 Qe4 26. Qh5 Qg4 27. Qxg4+ fxg4 28. Nf4 a3 29. bxa3 Bxc3 30. Ne2 Bb2 31. Rb1 Rd2 32. Nf4 Rc8 33.
Ng2 Rc6 34. Ne3 f5 35. Rfd1 Rxd1+ 36. Rxd1 Bxa3 0-1

[Event "Early-Titled-Tuesday-Blitz-March-19-2024"]
[Site "Chess.com"]
[Date "2024.03.19"]
[Round "4"]
[White "Orest_Vovk"]
[Black "Pragmatist237"]
[Result "1-0"]
[WhiteElo "2531"]
[BlackElo "2239"]
[TimeControl "180+1"]
[EndTime "8:39:42 PDT"]
[Termination "Orest_Vovk won by resignation"]

1. g4 d5 2. h3 c6 3. Bg2 e5 4. d4 e4 5. c4 Be6 6. Nc3 Bb4 7. Qb3 Qb6 8. c5 Bxc3+ 9. bxc3 Qc7 10. Bf4 Qd7 11. Rb1 h5 12. Qxb7 Qxb7 13. Rxb7 Nd7 14. g5 Ne7 15. e3 O-O 16. Bd6 Rfe8 17. Ne2 Nf5 18. Nf4 Nxd6 19. cxd6 Reb8 20. Rxb8+ Rxb8 21. O-O h4 22. c4 dxc4 23. Bxe4 Rb2 24. Bxc6 Nb8 25. d5 Bd7 26. Rc1 Rb4 27. a3 Rb6 28.
Rxc4 Nxc6 29. dxc6 Rxc6 30. Rxc6 Bxc6 31. Ng2 Kf8 32. Nxh4 g6 33. f3 Ke8 34. e4 Kd7 35. e5 Ke6 36. f4 Kd5 37. Kf2 Ke4 38. Kg3 Ke3 39. Nxg6 fxg6 40. e6 Kd4 41. d7 1-0